 Dungeon Crawl Stone Soup version 0.18.1-8-gdd0e5ea (webtiles) character file.

7322 Enroth the Cleaver (level 11, 0/93 HPs)
             Began as a Hill Orc Fighter on June 3, 2016.
             Was a Priest of Beogh.
             Slain by ZlagarX's ghost (9 damage)
             ... on level 10 of the Dungeon.
             The game lasted 00:37:21 (8796 turns).

Enroth the Cleaver (Hill Orc Fighter)               Turns: 8796, Time: 00:37:21

Health: 0/93       AC: 17    Str: 20    XL:     11   Next: 13%
Magic:  18/18      EV: 11    Int:  8    God:    Beogh [***...]
Gold:   850        SH: 13    Dex: 18    Spells: 0 memorised, 19 levels left

rFire  + . .     SeeInvis .     a - +4 war axe (freeze)
rCold  . . .     Gourm    +     p - +0 plate armour
rNeg   . . .     Faith    .     c - +1 shield
rPois  .         Spirit   .     d - +1 hat
rElec  .         Dismiss  .     (no cloak)
rCorr  .         Reflect  .     t - +0 pair of gloves
SustAt .         Harm     .     (no boots)
MR     +....                    s - amulet of the gourmand
Stlth  ..........               z - ring of protection from fire
                                h - ring of protection from magic

@: agile, somewhat resistant to hostile enchantments, extremely unstealthy
A: no striking features
a: Smiting, Renounce Religion


You were on level 10 of the Dungeon.
You worshipped Beogh.
Beogh was most pleased with you.
You were not hungry.

You visited 2 branches of the dungeon, and saw 12 of its levels.
You also visited: Ossuary and Bailey.

You collected 850 gold pieces.

Inventory:

Hand Weapons
 a - a +4 war axe of freezing (weapon)
Armour
 c - a +1 shield (worn)
 d - a +1 hat (worn)
 n - a +1 hat
 p - a +0 plate armour (worn)
 t - a +0 pair of gloves (worn)
Jewellery
 h - a ring of protection from magic (left hand)
 s - an amulet of the gourmand (around neck)
 z - a ring of protection from fire (right hand)
Wands
 b - a wand of lightning (6/15)
 j - a wand of acid (7/15)
 u - a wand of iceblast (6/15)
 B - a wand of acid (5/15)
Scrolls
 i - a scroll of fog
 k - 2 scrolls of recharging
 m - 12 scrolls of identify
 o - 2 scrolls of magic mapping
 w - 3 scrolls of remove curse
 y - 2 scrolls of amnesia
Potions
 g - 3 potions of cancellation
 r - 3 potions of brilliance
 x - a potion of flight
 A - 2 potions of curing
Books
 q - a book of Flames

   Spells                             Type                      Level
   a - Flame Tongue                   Conjuration/Fire             1
   b - Throw Flame                    Conjuration/Fire             2
   c - Conjure Flame                  Conjuration/Fire             3
   d - Inner Flame                    Hexes/Fire                   3
   e - Sticky Flame                   Conjuration/Fire             4
   f - Fireball                       Conjuration/Fire             5
Comestibles
 f - 6 bread rations
 l - 2 royal jellies
 v - 2 beef jerkies


   Skills:
 + Level 7.7 Fighting
 * Level 13.2 Axes
 + Level 7.9 Armour
 + Level 2.3 Dodging
 + Level 1.5 Stealth
 + Level 8.2 Shields
 * Level 4.7 Spellcasting


You had 19 spell levels left.
You didn't know any spells.

Dungeon Overview and Level Annotations

Branches:
Dungeon (11/15)            Temple (1/1) D:4
   Lair: D:8-11         Orc: D:9-12

Altars:
Ashenzari
Cheibriados
Dithmenos
Elyvilon
Fedhas
Gozag
Kikubaaqudgha
Makhleb
Nemelex Xobeh
Okawaru
Pakellas
Qazlal
Ru
Sif Muna
Trog
Vehumet
Xom
Yredelemnul
Zin
The Shining One

Annotations:
D:10 ZlagarX's ghost, journeyman DsAK


Message History

Drink which item? (? for menu, Esc to quit)
You feel better.
The red ugly thing kicks you but does no damage.
You block ZlagarX's ghost's attack.
Drink which item? (? for menu, Esc to quit)
Okay, then.
You hit the red ugly thing. You freeze the red ugly thing.
The red ugly thing is moderately wounded.
You hit ZlagarX's ghost but do no damage.
The red ugly thing kicks you.
* * * LOW HITPOINT WARNING * * *
You are engulfed in flames!
You resist.
* * * LOW HITPOINT WARNING * * *
ZlagarX's ghost hits you but does no damage.
You slash the red ugly thing! You freeze the red ugly thing.
The red ugly thing is heavily wounded.
You slash ZlagarX's ghost! You freeze ZlagarX's ghost.
ZlagarX's ghost is lightly damaged.
You block the red ugly thing's attack. ZlagarX's ghost hits you!
You die...

#.###^.# #.# #..#
### #.###..#
##.## #......#
#...# ####...#
... #...# ...
#...# #.# #...#
#u# #...# #@# ##
#...# #W# ..
####...####)##.#
................#
.......(........#
................#
#####...#######.#
#..... ...
#...... ##.#


You could see a red ugly thing and ZlagarX's ghost.

Vanquished Creatures
  A centaur warrior (D:8)
  The ghost of gitgud34 the Grappler, a novice TrMo of Cheibriados (D:9)
  2 trolls
  The ghost of lupus83 the Cudgeler, an amateur GrFi (D:4)
  A spriggan (D:7)
  A shadow (D:11)
  A wyvern (D:8)
  3 hungry ghosts (D:7)
  3 orc warriors
  2 sky beasts (D:5)
  A phantom (D:8)
  A necrophage (D:9)
  5 ogres
  2 centaurs (D:5)
  3 giant frogs
  4 elf skeletons (D:8)
  2 scorpions
  20 killer bees
  5 wights (D:9)
  2 electric eels (D:7)
  3 howler monkeys
  4 crimson imps
  4 giant frog zombies
  2 centaur zombies
  2 orc wizards
  A human zombie (Ossuary)
  4 jellies
  A wasp zombie (D:10)
  2 orc priests
  4 giant frog skeletons
  5 hounds
  An iguana (D:8)
  5 worker ants
  4 ogre zombies (Ossuary)
  2 hound skeletons
  A howler monkey zombie (D:8)
  7 mummies (Ossuary)
  2 worker ant zombies
  9 gnolls
  A howler monkey skeleton (D:8)
  8 adders
  3 shadow imps
  2 oozes
  An adder skeleton (D:6)
  4 adder zombies
  5 dart slugs
  3 giant geckos
  12 orcs
  2 ball pythons
  4 giant cockroaches
  9 goblins
  2 hobgoblins
  17 jackals
  2 kobolds (D:1)
  A quokka (D:6)
  3 bats
  A giant cockroach zombie (D:6)
  A giant gecko skeleton (D:5)
  A giant gecko zombie (D:5)
  4 giant newts
  7 goblin zombies (Ossuary)
  3 hobgoblin zombies (Ossuary)
  A jackal skeleton (D:5)
  A jackal zombie (D:5)
  6 kobold zombies (Ossuary)
  An orc skeleton (D:8)
  An orc zombie (D:8)
  A quokka skeleton (D:6)
  2 quokka zombies (Ossuary)
  4 rats
  4 rat zombies (Ossuary)
241 creatures vanquished.

Vanquished Creatures (collateral kills)
  2 killer bees (D:11)
  A worker ant (D:11)
3 creatures vanquished.

Vanquished Creatures (others)
  An orc warrior (D:11)
  A yak (D:11)
  2 sheep (D:11)
  An adder (D:11)
  2 orcs (D:9)
  A jackal (D:11)
8 creatures vanquished.

Grand Total: 252 creatures vanquished

Notes
Turn   | Place    | Note
--------------------------------------------------------------
     0 | D:1      | Enroth the Hill Orc Fighter began the quest for the Orb.
     0 | D:1      | Reached XP level 1. HP: 19/19 MP: 1/1
   139 | D:1      | Reached XP level 2. HP: 27/27 MP: 2/2
   180 | D:1      | Reached skill level 3 in Axes
   546 | D:2      | Reached XP level 3. HP: 32/33 MP: 3/3
   632 | D:2      | Found a sacrificial altar of Ru.
  1143 | D:3      | Reached XP level 4. HP: 28/40 MP: 5/5
  1148 | D:3      | Reached skill level 1 in Spellcasting
  1752 | D:4      | Reached skill level 4 in Axes
  1790 | D:4      | Noticed an ogre
  1798 | D:4      | Reached XP level 5. HP: 35/46 MP: 6/6
  1828 | D:4      | Killed an ogre
  1828 | D:4      | Reached skill level 5 in Axes
  1828 | D:4      | Reached XP level 6. HP: 13/53 MP: 7/7
  2112 | D:4      | Found a staircase to the Ecumenical Temple.
  2124 | Temple   | Entered the Ecumenical Temple
  2331 | D:4      | Noticed lupus83's ghost (amateur GrFi)
  2350 | D:4      | Killed lupus83's ghost
  2350 | D:4      | Reached skill level 6 in Axes
  2350 | D:4      | Reached skill level 1 in Dodging
  2350 | D:4      | Reached XP level 7. HP: 43/60 MP: 9/9
  2511 | D:5      | Entered Level 5 of the Dungeon
  2557 | D:5      | Got a bound granite ring
  2559 | D:5      | Identified the ring "Betymue" {*Tele *Confuse +Inv rF- Dex+10} (You found it on level 5 of the Dungeon)
  2572 | D:5      | Reached skill level 7 in Axes
  2825 | D:5      | Reached skill level 5 in Fighting
  2825 | D:5      | Reached skill level 5 in Armour
  3015 | D:5      | Reached XP level 8. HP: 63/68 MP: 11/11
  3040 | D:5      | Found a glowing golden altar of the Shining One.
  3040 | D:5      | Found a white marble altar of Elyvilon.
  3040 | D:5      | Found a glowing silver altar of Zin.
  3093 | D:5      | Reached skill level 8 in Axes
  3113 | D:5      | Reached skill level 5 in Shields
  3767 | D:6      | Reached skill level 9 in Axes
  3836 | D:6      | Found a shadowy altar of Dithmenos.
  3964 | D:6      | Found a shattered altar of Ashenzari.
  4224 | D:6      | Reached XP level 9. HP: 74/75 MP: 13/13
  4329 | D:7      | Found a flagged portal.
  4375 | Bailey   | Entered a bailey
  4375 | Bailey   | Noticed an orc knight
  4375 | Bailey   | Noticed an orc knight
  4376 | Bailey   | Noticed an orc knight
  5412 | D:7      | Became a worshipper of Beogh the Brigand
  5565 | D:7      | Reached skill level 10 in Axes
  6097 | D:8      | Reached XP level 10. HP: 29/84 MP: 16/16
  6190 | D:8      | Found a sand-covered staircase.
  6201 | D:8      | Reached skill level 11 in Axes
  6205 | Ossuary  | Entered an ossuary
  6494 | Ossuary  | Reached * piety under Beogh
  6925 | Ossuary  | Reached ** piety under Beogh
  7416 | D:8      | Found a shimmering altar of Xom.
  7423 | D:8      | Noticed a centaur warrior
  7446 | D:8      | Killed a centaur warrior
  7446 | D:8      | Reached skill level 12 in Axes
  7484 | D:8      | Found an oddly glowing altar of Pakellas.
  7690 | D:8      | Found a stormy altar of Qazlal.
  7691 | D:8      | Found a sacrificial altar of Ru.
  7691 | D:8      | Found a basalt altar of Yredelemnul.
  7729 | D:9      | Noticed gitgud34's ghost (novice TrMo)
  7917 | D:9      | Found an ancient bone altar of Kikubaaqudgha.
  7921 | D:9      | Reached skill level 1 in Stealth
  7989 | D:9      | Killed gitgud34's ghost
  8025 | D:9      | Reached *** piety under Beogh
  8421 | D:10     | Entered Level 10 of the Dungeon
  8432 | D:10     | Reached XP level 11. HP: 69/92 MP: 17/17
  8454 | D:10     | Noticed a hill giant
  8598 | D:10     | Noticed ZlagarX's ghost (journeyman DsAK)
  8611 | D:11     | Reached skill level 13 in Axes
  8772 | D:11     | Noticed a red ugly thing
  8796 | D:10     | Slain by ZlagarX's ghost

Skill      XL: |  1  2  3  4  5  6  7  8  9 10 11 |
---------------+----------------------------------+-----
Axes           | 3 4 5 6 7 9 10 12 13 | 13.2
Fighting       | 4 5 6 7 |  7.7
Spellcasting   | 1 2 3 4 |  4.7
Armour         | 4 5 7 |  7.9
Dodging        | 1 2 |  2.3
Shields        | 4 5 6 8 |  8.2
Stealth        | 1 |  1.5

Action                   |  1- 3 |  4- 6 |  7- 9 | 10-12 || total
-------------------------+-------+-------+-------+-------++-------
Melee: War axe           |    78 |   109 |   415 |   405 ||  1007
Invok: Convert to Beogh  |       |       |     1 |       ||     1
  Use: Potion            |       |     9 |     7 |     4 ||    20
       Scroll            |       |     3 |    11 |     8 ||    22
 Stab: Invisible         |       |       |       |     5 ||     5
  Eat: Chunk             |     1 |     4 |     8 |     8 ||    21
       Fruit             |       |       |     6 |       ||     6
       Meat ration       |       |       |     3 |       ||     3
       Bread ration      |       |       |     3 |       ||     3
       Royal jelly       |       |       |       |     1 ||     1
       Beef jerky        |       |       |       |     1 ||     1
Armor: Scale mail        |    14 |       |       |       ||    14
       Plate armour      |    37 |    87 |   281 |   158 ||   563
       Skin              |       |       |    26 |     8 ||    34
Dodge: Dodged            |     9 |    14 |   101 |    76 ||   200
Block: Shield            |    42 |    59 |   280 |   200 ||   581
